 Dungeon Crawl Stone Soup version 0.32-a0-131-g9dbbe29261 (webtiles) character file.

Game seed: 11390290102314055528

43 Ambrosia the Chiller (level 3, 0/28 HPs)
             Began as a Demigod Ice Elementalist on Feb 8, 2024.
             Slain by a goblin
             ... wielding a +0 club
             ... led by Robin
              (4 damage)
             ... on level 1 of the Dungeon.
             The game lasted 00:02:36 (1689 turns).

Ambrosia the Chiller (Demigod Ice Elementalist)     Turns: 1689, Time: 00:02:36

Health: 0/28       AC:  2    Str:  9    XL:     3   Next: 20%
Magic:  5/8        EV: 12    Int: 21    God:
Gold:   29         SH:  0    Dex: 14    Spells: 2/6 levels left

rFire   . . .        d - +0 dagger
rCold   . . .        (no shield)
rNeg    . . .        a - +0 robe
rPois   .            (no helmet)
rElec   .            (no cloak)
rCorr   .            (no gloves)
SInv    .            (no boots)
Will    .....        (no amulet)
Stlth   ++           (no ring)
HPRegen 0.24/turn    (no ring)
MPRegen 0.11/turn

%: no passive effects
@: no status effects
A: high MP 1, forlorn, divine attributes
a: no special abilities


You were on level 1 of the Dungeon.
You visited 1 branch of the dungeon, and saw 2 of its levels.

You collected 29 gold pieces.

Inventory:

Hand Weapons
 d - a +0 dagger (weapon)
   (You took it off a kobold on level 1 of the Dungeon)
Armour
 a - a +0 robe (worn)
Potions
 b - a potion of magic
 c - 2 potions of heal wounds {unknown}
 e - a potion of cancellation {unknown}
 f - a potion of enlightenment {unknown}


   Skills:
 * Level 1.4 Fighting
 + Level 0.5 Armour
 + Level 2.0 Dodging
 - Level 1.7 Stealth
 * Level 2.2 Spellcasting
 * Level 3.9 Ice Magic


You had 2 spell levels left.
You knew the following spells:

 Your Spells              Type           Power      Damage    Failure   Level
a - Freeze                Ice            72%        1d8       3%          1
z - Frozen Ramparts       Ice            36%        1d6       9%          3

Your spell library contained the following spells:

 Spells                   Type           Power      Damage    Failure   Level
 Ozocubu's Armour         Ice            18%        N/A       9%          3
 Summon Ice Beast         Ice/Summ       10%        N/A       19%         3


Dungeon Overview and Level Annotations

Branches:
Dungeon (2/15) Zot: 10292

Annotations:
D:2 Robin


Innate Abilities, Weirdness & Mutations

You have an increased reservoir of magic. (+10% MP)
You shall have no god before yourself.
Your divine heritage dramatically boosts your attributes as you level up.


Message History

Okay, then.
You enter the shallow water.
Moving in this stuff is going to be slow.
You see here a quokka skeleton.
There is a stone staircase leading down here.
You climb downwards.
The goblin shouts! x2; You hear a shout!
The goblin shouts!
You hear a bark!
Found a ring mail.
Found a stone staircase leading down.
There is a stone staircase leading up here.
You aren't carrying any scrolls.
There are no items here.
A jackal comes into view.
Robin of the Strong Arm comes into view.
They are wielding a +1 whip of venom and carrying a wand of flame.
There is a stone staircase leading up here.
Unknown command.
A jackal comes into view.
The jackal barks!
You hear a bark!
The adder barely misses you. The adder bites you.
You climb upwards.
There is a stone staircase leading down here.
You take 1 damage, and have 22/23 hp.
Unknown command.
You freeze the adder. The adder barely misses you.
You now have 6/7 mp.
You freeze the adder.
The adder seems to slow down.
The adder bites you.
You take 1 damage, and have 21/23 hp.
You now have 5/7 mp.
You freeze the adder.
You kill the adder!
You have reached level 3!
Your experience leads to a dramatic increase in your attributes!
Increase (s)trength, (i)ntelligence, or (d)exterity?
You feel clever. x4
You regained 5 hp, and now have 26/28 hp.
You now have 4/8 mp.
You start resting.
Health restored: 28; MP restored: 8 This spell is quite dangerous to cast!
Memorise Frozen Ramparts, consuming 3 spell levels and leaving 2?
You start memorising the spell.
You continue memorising. x3
You finish memorising.
Spell assigned to 'b'.
Adjust (i)tems, (s)pells, or (a)bilities?
Adjust which spell? b - Frozen Ramparts Adjust to which letter? z - Frozen Ramparts You climb downwards.
Level annotation: Robin The jackal barely misses you.
The jackal bites you but does no damage.
The goblin misses you. The goblin hits you but does no damage.
The jackal barely misses you.
The teleport trap disappears.
The jackal disappears!
The jackal bites you. The goblin misses you.
The goblin hits you with a +0 club.
There is a stone staircase leading up here.
You take 6 damage, and have 22/28 hp.
MASSIVE DAMAGE!!
The jackal misses you. The jackal closely misses you.
The goblin hits you with a +0 club. x3
The jackal bites you but does no damage.
The jackal barely misses you.
You climb upwards.
There is a stone staircase leading down here.
You take 10 damage, and have 12/28 hp.
MASSIVE DAMAGE!!
Unknown command.
Casting: Freeze (safe; 3% risk of failure)
The spell is quite dangerous to miscast (9% risk of failure)!
Continue anyway?
Okay, then.
You aren't carrying any scrolls.
Okay, then.
Aiming: Freeze (safe; 3% risk of failure)
Press: ? - help, Q - select action Shift-Dir - straight line, f - jackal
Aim: a jackal You freeze the jackal.
The goblin barely misses you. The jackal barely misses you.
The jackal bites you. The goblin hits you with a +0 club.
The goblin barely misses you.
You take 1 damage, and have 11/28 hp.
You now have 7/8 mp.
Aiming: Freeze (safe; 3% risk of failure)
Press: ? - help, Q - select action Shift-Dir - straight line, f/p - jackal
Aim: a jackal (severely wounded)
You freeze the jackal!
You kill the jackal!
The jackal bites you. The goblin closely misses you.
The goblin barely misses you. The goblin hits you but does no damage.
You take 1 damage, and have 10/28 hp.
You now have 6/8 mp.
Aiming: Freeze (safe; 3% risk of failure)
Press: ? - help, Q - select action Shift-Dir - straight line, f - jackal
Aim: a jackal You freeze the jackal!
You kill the jackal!
The goblin hits you with a +0 club.
* * * LOW HITPOINT WARNING * * *
The goblin closely misses you. The goblin hits you with a +0 club.
* * * LOW HITPOINT WARNING * * *
You take 6 damage, and have 4/28 hp.
MASSIVE DAMAGE!!
You now have 5/8 mp.
Aiming: Freeze (safe; 3% risk of failure)
Press: ? - help, Q - select action Shift-Dir - straight line, f - goblin
Aim: a goblin, wielding a +0 club
Okay, then.
The goblin hits you with a +0 club.
You die...

#.#.#####...#.##.#
#.....#.......
...†........#.##.#
#.....####.###
#.#.#####.....##.#
#.....# #.###
#.#...........##.#
#.....####....
#.#.#####....###.#
#.............
..#.#............#
#####.....#...
#####.##############
#.'.......#.
.............# #...#
#.#.....#.#.
....#.######.# #@†.#
#.#######.#. ###.#.# #.#
#gg.# #..÷.# #.#.
##..#.# #.# #g..# ####.#
#.#. ##..#.# #.# #...#
#.# ##... ##..#.#
###.###...######.###...~
#####.#
#.........##......÷.÷.~.
......#
#.#.#.....##........~.PP
..#####
#.#.#÷....##.........~~≈
.)♣
#.#.#.....######...~P~≈≈


You could see 3 goblins.

Vanquished Creatures
  An adder (D:1)
  A dart slug (D:1)
  7 ball pythons (D:1)
  An endoplasm (D:1)
  2 giant cockroaches (D:1)
  A goblin (D:1)
  A hobgoblin (D:1)
  6 jackals (D:1)
  2 quokkas (D:1)
  2 frilled lizards (D:1)
  3 kobolds (D:1)
  4 rats (D:1)
31 creatures vanquished.

Notes
Turn   | Place    | Note
-------+----------+-------------------------------------------
     0 | D:1      | Ambrosia the Demigod Ice Elementalist began the quest for
                  | the Orb.
     0 | D:1      | Reached XP level 1. HP: 14/14 MP: 5/5
   105 | D:1      | HP: 7/15 [constriction (1)]
   379 | D:1      | Reached XP level 2. HP: 22/22 MP: 5/7
   431 | D:1      | Reached skill level 2 in Spellcasting
   751 | D:1      | Reached skill level 1 in Fighting
  1011 | D:1      | Reached skill level 2 in Dodging
  1637 | D:2      | Noticed Robin
  1644 | D:1      | Reached XP level 3. HP: 26/28 MP: 4/8
  1682 | D:1      | Learned a level 3 spell: Frozen Ramparts
  1684 | D:2      | HP: 12/28 [goblin/+0 club[Robin] (4)]
  1688 | D:1      | HP: 4/28 [goblin/+0 club[Robin] (2)]
  1689 | D:1      | Slain by a goblin

Illustrated notes

Levels and vault maps discovered:
D:1:      roderic_dead_forest, layout_basic, chequers_big_river,
          amethyst_killhole
D:2:      layout_rooms, serial_shops, nicolae_shop_dealshenge,
          dreamdust_ecumenical_altar_statues, minmay_misc_feat_room, uniq_robin

Skill      XL: |  1  2 |
---------------+-------+-----
Spellcasting   | 2 |  2.2
Fighting       | 1 |  1.4
Dodging        | 2 |  2.0
Armour         | |  0.5
Stealth        | |  1.7
Ice Magic      | |  3.9

Action                     || total
---------------------------++-------
  Melee: Unarmed           ||     9
         Dagger            ||     6
   Cast: Freeze            ||    46
    Use: Scroll            ||     2
 Armour: Robe              ||    39
  Dodge: Dodged            ||    46

Table legend: (Time is in decaauts)
 A = Elapsed time spent in this place.
 B = Non-inter-level travel time spent in this place.
 C = Inter-level travel time spent in this place.
 D = Time resting spent in this place.
 E = Time spent auto-exploring this place.
 F = Levels seen in this place.
 G = Mean time per level.
                   A        B        C        D        E       F      G
               +--------+--------+--------+--------+--------+-----+--------+
         Total |   1706 |   1669 |     37 |     34 |   1416 |   2 |  853.0 |
       Dungeon |   1706 |   1669 |     37 |     34 |   1416 |   2 |  853.0 |
               +--------+--------+--------+--------+--------+-----+--------+

Top non-repeatable levels by time:
     D:1: 1699 daAuts
     D:2: 7 daAuts

Levels and vault maps discovered:
D:1:      roderic_dead_forest, layout_basic, chequers_big_river,
          amethyst_killhole
D:2:      layout_rooms, serial_shops, nicolae_shop_dealshenge,
          dreamdust_ecumenical_altar_statues, minmay_misc_feat_room, uniq_robin

Table legend: (Time is in decaauts)
 A = Elapsed time spent in this place.
 B = Non-inter-level travel time spent in this place.
 C = Inter-level travel time spent in this place.
 D = Time resting spent in this place.
 E = Time spent auto-exploring this place.
 F = Levels seen in this place.
 G = Mean time per level.
                   A        B        C        D        E       F      G
               +--------+--------+--------+--------+--------+-----+--------+
         Total |   1706 |   1669 |     37 |     34 |   1416 |   2 |  853.0 |
       Dungeon |   1706 |   1669 |     37 |     34 |   1416 |   2 |  853.0 |
               +--------+--------+--------+--------+--------+-----+--------+

Top non-repeatable levels by time:
     D:1: 1699 daAuts
     D:2: 7 daAuts

Table legend:
 A = Kills in this place as a percentage of kills in the entire game.
 B = Kills by you in this place as a percentage of kills by you in the entire game.
 C = Kills by friends in this place as a percentage of kills by friends in the entire game.
 D = Other kills in this place as a percentage of other kills in the entire game.
 E = Experience gained in this place as a percentage of experience gained in the entire game.
 F = Experience gained in this place divided by the number of levels of this place that you have seen.
                   A       B       C       D       E      F
               +-------+-------+-------+-------+-------+----------------------
         Total | 100.0 | 100.0 |   N/A |   N/A | 100.0 |  31.0
       Dungeon | 100.0 | 100.0 |   N/A |   N/A | 100.0 |  31.0
               +-------+-------+-------+-------+-------+----------------------
